 Dungeon Crawl Stone Soup version 0.30.0-5-g1a98f26d00 (webtiles) character file.

Game seed: 7057917418361865163

81 CaptainMV the Covered (level 4, -7/32 HPs)
             Began as a Gnoll Wanderer on May 11, 2023.
             Mangled by a goblin
             ... wielding a +0 dagger of electrocution
              (10 damage)
             ... on level 3 of the Dungeon.
             The game lasted 00:12:24 (1259 turns).

CaptainMV the Covered (Gnoll Wanderer)              Turns: 1259, Time: 00:12:25

Health: -7/32      AC:  6    Str: 13    XL:     4   Next: 42%
Magic:  11/11      EV: 10    Int: 10    God:
Gold:   143        SH:  0    Dex: 13    Spells: 12/13 levels left

rFire   + . .        m - +2 flail (protect)
rCold   x . .        (no shield)
rNeg    . . .        b - +0 ring mail
rPois   .            (no helmet)
rElec   .            (no cloak)
rCorr   .            (no gloves)
SInv    .            (no boots)
Will    .....        (no amulet)
Stlth   +            h - ring of fire
HPRegen 0.25/turn    (no ring)
MPRegen 0.12/turn

%: no passive effects
@: no status effects
A: fangs 1, strong nose, distributed training
a: no special abilities


You were on level 3 of the Dungeon.
You visited 1 branch of the dungeon, and saw 3 of its levels.

You collected 143 gold pieces.

Inventory:

Hand Weapons
 a - a +0 quarterstaff
 m - a +2 flail of protection (weapon)
Missiles
 k - 5 curare-tipped darts (quivered)
Armour
 b - a +0 ring mail (worn)
Jewellery
 h - a ring of fire (left hand)
Scrolls
 c - a scroll of fear
 g - 2 scrolls of teleportation
 j - a scroll of poison
 n - a scroll of identify
Potions
 d - a potion of curing {unknown}
 e - a potion of attraction {unknown}
 f - a potion of resistance {unknown}
 i - a potion of magic {unknown}
 l - a potion of flight {unknown}
 o - a potion of brilliance {unknown}


   Skills:
 + Level 1.2 Fighting
 + Level 1.2 Short Blades
 + Level 1.2 Long Blades
 + Level 1.2 Axes
 + Level 1.2 Maces & Flails
 + Level 1.2 Polearms
 + Level 4.6 Staves
 + Level 1.2 Ranged Weapons
 + Level 1.2 Throwing
 + Level 6.6 Armour
 + Level 1.2 Dodging
 + Level 2.6 Stealth
 + Level 1.2 Shields
 + Level 1.2 Unarmed Combat
 + Level 5.1 Spellcasting
 + Level 1.0 Conjurations
 + Level 1.0 Hexes
 + Level 1.0 Summonings
 + Level 1.0 Necromancy
 + Level 1.0 Translocations
 + Level 3.8 Transmutations
 + Level 1.0 Fire Magic
 + Level 1.0 Ice Magic
 + Level 1.0 Air Magic
 + Level 1.0 Earth Magic
 + Level 1.0 Poison Magic
 + Level 1.3 Invocations
 + Level 1.2 Evocations


You had 12 spell levels left.
You knew the following spells:

 Your Spells              Type           Power      Damage    Failure   Level
a - Beastly Appendage     Tmut           20%        N/A       9%          1

Your spell library contained the following spells:

 Spells                   Type           Power      Damage    Failure   Level
 Magic Dart               Conj           16%        1d3       28%         1
 Searing Ray              Conj           8%         2d4       41%         2
 Ignite Poison            Fire/Tmut/Pois 9%         N/A       52%         3
 Ice Form                 Ice/Tmut       7%         N/A       85%         4
 Fulminant Prism          Conj/Hex       2%         3d5       96%         4


Dungeon Overview and Level Annotations

Branches:
Dungeon (3/15)

Altars:

Shops:
D:3 :


Innate Abilities, Weirdness & Mutations

You have very sharp teeth.
Your uncanny sense of smell can sniff out nearby items.
Your experience applies equally to all skills.


Message History

The orc closely misses you.
Your Conjurations skill increases to level 1!
Your Hexes skill increases to level 1!
Your Summonings skill increases to level 1!
Your Necromancy skill increases to level 1!
Your Translocations skill increases to level 1!
Your Fire Magic skill increases to level 1!
Your Ice Magic skill increases to level 1!
Your Air Magic skill increases to level 1!
Your Earth Magic skill increases to level 1!
Your Poison Magic skill increases to level 1!
You barely miss the orc. You headbutt the orc. You bite the orc.
The orc is almost dead.
The orc hits you but does no damage. x2
You sock the orc!
You kill the orc!
Items here: ))) [[[ ††.
Your horns disappear.
Your talons disappear.
You see here a +0 rapier. 2 rats and a goblin come into view.
The goblin is wielding a +0 dagger of electrocution.
A quokka and 9 rats come into view.
Okay, then.
You start resting.
HP restored.
The helpless goblin fails to defend itself.
You hit the goblin.
Your weapon exudes an aura of protection.
The goblin is heavily wounded.
The goblin hits you but does no damage.
You are electrocuted!
You barely miss the goblin. Your bite misses the goblin.
The goblin is heavily wounded.
The goblin hits you but does no damage.
You are electrocuted!!
Ouch! That really hurt!
* * * LOW HITPOINT WARNING * * *
The goblin misses you.
You barely miss the goblin.
The goblin is heavily wounded.
The goblin hits you but does no damage.
You are electrocuted!
You die...

#...>)# #..#
......#.###.#
......#.....#
.>.....
#.###.#
....... #.#
#.# .......
#)# #.## ....
### ##.##
#..# ##@#


#rrrrrg.# #rrrrr### .##rr# ### You could see a quokka (asleep), a goblin and 11
rats.

Vanquished Creatures
  An adder (D:2)
  A worm (D:2)
  3 dart slugs (D:1)
  5 orcs
  4 endoplasms
  A giant cockroach (D:1)
  5 goblins
  2 hobgoblins
  3 jackals
  7 kobolds
  A quokka (D:2)
  8 ball pythons
  6 bats
  4 frilled lizards
  4 rats
55 creatures vanquished.

Notes
Turn   | Place    | Note
-------+----------+-------------------------------------------
     0 | D:1      | CaptainMV the Gnoll Wanderer began the quest for the Orb.
     0 | D:1      | CaptainMV set off with the following items: a +0
                  | quarterstaff, a +0 ring mail, a scroll of fear; and the
                  | following spell memorised: Beastly Appendage; and the
                  | following spells available to memorise: Ignite Poison, Ice
                  | Form.
     0 | D:1      | Reached XP level 1. HP: 13/13 MP: 6/6
   165 | D:1      | Reached XP level 2. HP: 20/20 MP: 7/7
   336 | D:1      | Reached skill level 5 in Spellcasting
   336 | D:1      | Reached XP level 3. HP: 19/25 MP: 7/9
   455 | D:1      | Reached skill level 1 in Invocations
   579 | D:2      | Reached skill level 1 in Fighting
   579 | D:2      | Reached skill level 1 in Short Blades
   579 | D:2      | Reached skill level 1 in Long Blades
   579 | D:2      | Reached skill level 1 in Axes
   579 | D:2      | Reached skill level 1 in Maces & Flails
   579 | D:2      | Reached skill level 1 in Polearms
   579 | D:2      | Reached skill level 1 in Ranged Weapons
   579 | D:2      | Reached skill level 1 in Throwing
   579 | D:2      | Reached skill level 1 in Dodging
   579 | D:2      | Reached skill level 1 in Shields
   579 | D:2      | Reached skill level 1 in Unarmed Combat
   579 | D:2      | Reached skill level 1 in Evocations
   828 | D:2      | Reached XP level 4. HP: 30/32 MP: 11/11
  1098 | D:3      | Found Noiff's Book Emporium.
  1143 | D:3      | Reached skill level 1 in Conjurations
  1143 | D:3      | Reached skill level 1 in Hexes
  1143 | D:3      | Reached skill level 1 in Summonings
  1143 | D:3      | Reached skill level 1 in Necromancy
  1143 | D:3      | Reached skill level 1 in Translocations
  1143 | D:3      | Reached skill level 1 in Fire Magic
  1143 | D:3      | Reached skill level 1 in Ice Magic
  1143 | D:3      | Reached skill level 1 in Air Magic
  1143 | D:3      | Reached skill level 1 in Earth Magic
  1143 | D:3      | Reached skill level 1 in Poison Magic
  1259 | D:3      | Mangled by a goblin

Illustrated notes

Levels and vault maps discovered:
D:1:      tarquinn_simple_flora_water_d, layout_loops_ring
D:2:      layout_basic, serial_bayou_pond_b, grunt_ministairs_13
D:3:      layout_rooms, serial_shops, shop_coins, minmay_rat_hole

Skill      XL: |  1  2  3  4 |
---------------+-------------+-----
Spellcasting   | 5 |  5.1
Invocations    | 1 |  1.3
Fighting       | 1 |  1.2
Short Blades   | 1 |  1.2
Long Blades    | 1 |  1.2
Axes           | 1 |  1.2
Maces & Flails | 1 |  1.2
Polearms       | 1 |  1.2
Ranged Weapons | 1 |  1.2
Throwing       | 1 |  1.2
Dodging        | 1 |  1.2
Shields        | 1 |  1.2
Unarmed Combat | 1 |  1.2
Evocations     | 1 |  1.2
Conjurations   | 1 |  1.0
Hexes          | 1 |  1.0
Summonings     | 1 |  1.0
Necromancy     | 1 |  1.0
Translocations | 1 |  1.0
Fire Magic     | 1 |  1.0
Ice Magic      | 1 |  1.0
Air Magic      | 1 |  1.0
Earth Magic    | 1 |  1.0
Poison Magic   | 1 |  1.0
Staves         | |  4.6
Armour         | |  6.6
Stealth        | |  2.6
Transmutations | |  3.8

Action                     |  1- 3 |  4- 6 || total
---------------------------+-------+-------++-------
  Melee: Quarterstaff      |   106 |    11 ||   117
         Bite              |    11 |     4 ||    15
         Kick              |     1 |     4 ||     5
         Flail             |       |    42 ||    42
         Punch             |       |     2 ||     2
         Headbutt          |       |     1 ||     1
   Cast: Beastly Appendage |     1 |     1 ||     2
    Use: Scroll            |       |     2 ||     2
   Stab: Sleeping          |       |     1 ||     1
 Armour: Ring mail         |    54 |    48 ||   102
  Dodge: Dodged            |    43 |    37 ||    80
